 Dungeon Crawl Stone Soup version 0.22-a0-292-g0df9d5f (webtiles) character file.

109 Amnesiac the Vexing (level 4, -2/27 HPs)
             Began as a Deep Elf Enchanter on Mar 23, 2018.
             Slain by a gnoll
             ... wielding a +0 spear
              (6 damage)
             ... on level 3 of the Dungeon.
             The game lasted 00:04:45 (2329 turns).

Amnesiac the Vexing (Deep Elf Enchanter)            Turns: 2329, Time: 00:04:45

Health: -2/27      AC:  4    Str:  5    XL:     4   Next: 59%
Magic:  3/10       EV: 13    Int: 21    God:
Gold:   123        SH:  0    Dex: 15    Spells: 0/9 levels left

rFire    . . .     SeeInvis .   a - +1 dagger
rCold    . . .     Gourm    .   (no shield)
rNeg     + . .     Faith    .   j - +2 robe {rN+}
rPois    .         Spirit   .   (no helmet)
rElec    .         Reflect  .   (no cloak)
rCorr    .         Harm     .   (no gloves)
MR       .....                  (no boots)
Stlth    +++.......             (no amulet)
HPRegen  0.09/turn              i - ring of wizardry
MPRegen  0.12/turn              (no ring)

@: no status effects
A: no striking features
a: no special abilities


You were on level 3 of the Dungeon.
You were not hungry.

You visited 1 branch of the dungeon, and saw 3 of its levels.

You collected 123 gold pieces.

Inventory:

Hand Weapons
 a - a +1 dagger (weapon)
Armour
 j - a +2 robe of positive energy (worn)
Jewellery
 i - a ring of wizardry (left hand)
Scrolls
 c - a scroll of remove curse {!r, unknown}
 e - 2 scrolls of identify {!r, unknown}
 g - a scroll of magic mapping {!r, unknown}
 h - a scroll of random uselessness {!r, unknown}
 m - a scroll of blinking {!r, unknown}
Potions
 b - a potion of magic {!q, unknown}
 k - a potion of haste {!q, unknown}
 l - a potion of ambrosia {!q, unknown}
Comestibles
 d - 6 rations
 f - 2 chunks of flesh


   Skills:
 - Level 2.4 Fighting
 - Level 2.0 Short Blades
 - Level 2.4 Dodging
 - Level 4.0 Stealth
 - Level 3.0 Spellcasting
 - Level 4.0 Hexes
 + Level 2.1 Ice Magic


You couldn't memorise any spells.
You knew the following spells:

 Your Spells              Type           Power        Failure   Level  Hunger
a - Ensorcelled Hibernat  Hex/Ice        ###...       2%          2    ##.....
b - Corona                Hex            ###....      1%          1    None
e - Confuse               Hex            ###.....     3%          3    ###....
w - Tukima's Dance        Hex            ###.....     3%          3    ###....


Dungeon Overview and Level Annotations

Branches:
Dungeon (3/15)

Altars:


Message History

Confirm with . or Enter, or press ? or * to list all spells.
Aiming: Ensorcelled Hibernation (safe; 2% risk of failure)
Press: ? - help, Shift-Dir - straight line, f/p - gnoll
Aim: a gnoll, wielding a club, wearing a ring mail and wearing a dented malachite amulet (chance to defeat MR: 55%)
The gnoll resists with significant effort.
The gnoll completely misses you.
You barely miss the gnoll. The gnoll barely misses you.
Casting: Ensorcelled Hibernation (safe; 2% risk of failure)
Confirm with . or Enter, or press ? or * to list all spells.
Aiming: Ensorcelled Hibernation (safe; 2% risk of failure)
Press: ? - help, Shift-Dir - straight line, f/p - gnoll
Aim: a gnoll, wielding a club, wearing a ring mail and wearing a dented malachite amulet (chance to defeat MR: 55%)
The gnoll looks drowsy...
Casting: Ensorcelled Hibernation (safe; 2% risk of failure)
Confirm with . or Enter, or press ? or * to list all spells.
You can't see any susceptible monsters within range! (Use Z to cast anyway.)
The helpless gnoll fails to defend itself.
You puncture the gnoll!
The gnoll is almost dead.
The gnoll hits you with a club.
You closely miss the gnoll.
The gnoll is almost dead.
You hit the gnoll but do no damage.
The gnoll is almost dead.
The gnoll hits you but does no damage.
The gnoll shouts!
You hit the gnoll but do no damage.
The gnoll is almost dead.
You hear a shout!
The gnoll hits you with a club.
A gnoll comes into view. It is wielding a whip.
You completely miss the gnoll.
The gnoll is almost dead.
The gnoll hits you with a club.
* * * LOW HITPOINT WARNING * * *
You hit the gnoll but do no damage.
The gnoll is almost dead.
The gnoll misses you.
You barely miss the gnoll.
The gnoll is almost dead.
The gnoll closely misses you.
You see here a chain mail.
Casting: Ensorcelled Hibernation (safe; 2% risk of failure)
Confirm with . or Enter, or press ? or * to list all spells.
Aiming: Confuse (safe; 3% risk of failure)
Press: ? - help, Shift-Dir - straight line, f/p - gnoll
Aim: a gnoll, wielding a club, wearing a ring mail and wearing a dented malachite amulet (almost dead, chance to defeat MR: 59%)
The gnoll appears confused.
You hit the gnoll but do no damage.
The gnoll is almost dead.
The gnoll closely misses you.
You hit the gnoll but do no damage.
The gnoll is almost dead.
The gnoll completely misses you.
You hit the gnoll but do no damage.
The gnoll is almost dead.
The gnoll hits you with a club!
* * * LOW HITPOINT WARNING * * *
The gnoll hits you from afar with a spear.
* * * LOW HITPOINT WARNING * * *
The gnoll closely misses you.
There is a stone staircase leading up here.
The gnoll hits you from afar with a spear.
You die...

#........# #...#
##......()######.#.#
##.#####...........### ###
##.#.................# #.#
##.#.#..#........###.# #.#
...#.#..#.######.###.# #.#
..(#.#..#.# #....#.######)#
##.#.#..#.#####.##.#.#......#
#.#.#........g.@..#.#.####.#
#.#.#.##.#####..###.#....#.#
#.#.#.##............####.#.##
#.#.#..................<)...#
#...........#############..##
###.#........(.)....(..(...#
#.#.....################.##
#.#.....#.................#
#.#.......##############.##


You could see a gnoll.

Vanquished Creatures
  A dancing weapon (D:3)
  Jessica (D:2)
  An adder (D:2)
  A worm (D:2)
  A dart slug (D:1)
  3 leopard geckos
  9 orcs
  5 giant cockroaches
  6 goblins
  7 hobgoblins
  4 kobolds
  A quokka (D:2)
  A ball python (D:3)
  6 bats (D:1)
  2 frilled lizards
  7 rats
56 creatures vanquished.

Vanquished Creatures (others)
  A dancing weapon (D:3)
1 creature vanquished.

Grand Total: 57 creatures vanquished

Notes
Turn   | Place    | Note
-------+----------+-------------------------------------------
     0 | D:1      | Amnesiac the Deep Elf Enchanter began the quest for the Orb.
     0 | D:1      | Reached XP level 1. HP: 10/10 MP: 6/6
   384 | D:1      | Reached XP level 2. HP: 15/15 MP: 8/8
   390 | D:1      | Learned a level 2 spell: Ensorcelled Hibernation
   906 | D:1      | Reached skill level 1 in Fighting
  1086 | D:2      | Reached XP level 3. HP: 20/20 MP: 9/9
  1091 | D:2      | Learned a level 3 spell: Confuse
  1234 | D:2      | Noticed Jessica
  1241 | D:2      | Killed Jessica
  1241 | D:2      | Reached skill level 1 in Ice Magic
  1422 | D:2      | Reached XP level 4. HP: 26/26 MP: 3/10
  1648 | D:2      | Learned a level 3 spell: Tukima's Dance
  2329 | D:3      | Slain by a gnoll

Vault maps used:
D:1:      dpeg_arrival_houses_and_road, minivault_27
D:2:      first_ration, uniq_jessica

Skill      XL: |  1  2  3  4 |
---------------+-------------+-----
Stealth        | 4 |  4.0
Short Blades   | 2 |  2.0
Fighting       | 1 2 |  2.4
Ice Magic      | 1 2 |  2.1
Dodging        | |  2.4
Spellcasting   | |  3.0
Hexes          | |  4.0

Action                   |  1- 3 |  4- 6 || total
-------------------------+-------+-------++-------
Melee: Dagger            |    60 |    63 ||   123
 Cast: Corona            |     4 |       ||     4
       Ensorcelled Hiber |    24 |    26 ||    50
       Confuse           |       |     4 ||     4
       Tukima's Dance    |       |     2 ||     2
 Stab: Sleeping          |    28 |    17 ||    45
  Eat: Chunk             |     2 |     5 ||     7
Armor: Robe              |     9 |     8 ||    17
Dodge: Dodged            |    36 |    37 ||    73

Table legend:
 A = Spawn XP
 B = Non-spawn XP
 C = Spawn XP percentage of total XP
 D = Spawn monster count
 E = Non-spawn monster count
 F = Spawn count percentage of total count
 G = Total turns spent on level
                    A         B        C        D         E        F      G
               +---------+---------+-------+---------+---------+-------+---------
         Total |       0 |     156 |   0.0 |       0 |      55 |   0.0 |  2329
               +---------+---------+-------+---------+---------+-------+---------
           D:1 |       0 |      39 |   0.0 |       0 |      23 |   0.0 |  1083
           D:2 |       0 |      80 |   0.0 |       0 |      16 |   0.0 |   705
           D:3 |       0 |      37 |   0.0 |       0 |      16 |   0.0 |   541
               +---------+---------+-------+---------+---------+-------+---------
